| TOP OF THE 1ST |
|
Oklahoma State University Cowboys batting - Pitching for Washington State University Cougars : LHP Seth Shaw
|
|
Pitching: LHP Seth Shaw
|
|
|
Batting: RHB Settan Nakamura
|
0-0: Ball 1-0: SINGLE (Groundball, 6MD, EV 97.5 MPH)
|
|
Batting: SHB Mel Gonzalez
|
0-0: Ball 1-0: Ball 2-0: Swinging Strike 2-1: Foul Ball, location: 2F 2-2: Foul Ball, location: 2F 2-2: Ball 3-2: Grounds into double play, 5-4-3 (Groundball, 5L, EV 82.5 MPH)
|
|
Batting: RHB Ben Saxton
|
0-0: Ball 1-0: Ball 2-0: Called Strike 2-1: Fly out, F9 (Line Drive, 89M, EV 93.8 MPH)
|
| Top of the 1st over - 0 runs, 1 hit, 0 errors, 0 left on base; Oklahoma State University 0 - Washington State University 0 |
| BOTTOM OF THE 1ST |
|
Washington State University Cougars batting - Pitching for Oklahoma State University Cowboys : RHP Matt Parsons
|
|
Pitching: RHP Matt Parsons
|
|
|
Batting: LHB Randolph Brodbeck
|
0-0: Foul Ball, location: 2F 0-1: TRIPLE (Flyball, 89XD, EV 112.5 MPH)
|
|
Batting: RHB Noe Oliva
|
0-0: Called Strike 0-1: Swinging Strike 0-2: Foul Ball, location: 2F 0-2: Ball 1-2: Ground out 5-3 (Groundball, 5L, EV 87.5 MPH)
|
|
Batting: RHB Jon Chatman
|
0-0: Called Strike 0-1: Ball 1-1: Called Strike 1-2: Ball 2-2: Ball 3-2: Base on Balls
|
|
Batting: RHB Leo Lopez
|
0-0: SINGLE (Flyball, 89S, EV 88.8 MPH) Randolph Brodbeck scores Jon Chatman to second Runner from 2nd tries for 3rd, SAFE, throw by CF made to third
|
|
Batting: LHB Jeremy Rideout
|
0-0: Called Strike 0-1: Swinging Strike 0-2: Ball 1-2: Ball 2-2: Grounds into double play, 4-6-3 (Groundball, 4S, EV 91.2 MPH)
|
| Bottom of the 1st over - 1 run, 2 hits, 0 errors, 1 left on base; Oklahoma State University 0 - Washington State University 1 |
| TOP OF THE 2ND |
|
Oklahoma State University Cowboys batting - Pitching for Washington State University Cougars : LHP Seth Shaw
|
|
Batting: LHB Rafael Banda
|
0-0: Ball 1-0: Fly out, F7 (Line Drive, 78D, EV 91.9 MPH)
|
|
Batting: RHB Masakuni Takeuchi
|
0-0: Ball 1-0: Ball 2-0: Ball 3-0: Called Strike 3-1: Ground out 5-3 (Groundball, 56, EV 95.6 MPH)
|
|
Batting: LHB Vecdi Ertegun
|
0-0: Ball 1-0: Foul Ball, location: 2F 1-1: DOUBLE (Line Drive, 7LM, EV 102.5 MPH)
|
|
Batting: RHB Pedro Luera
|
0-0: Ball 1-0: Swinging Strike 1-1: Foul Ball, location: 2F 1-2: Ground out 4-3 (Groundball, 4, EV 103.8 MPH)
|
| Top of the 2nd over - 0 runs, 1 hit, 0 errors, 1 left on base; Oklahoma State University 0 - Washington State University 1 |
| BOTTOM OF THE 2ND |
|
Washington State University Cougars batting - Pitching for Oklahoma State University Cowboys : RHP Matt Parsons
|
|
Batting: RHB Rich Griffith
|
0-0: Ball 1-0: Ground out 6-3 (Groundball, 6, EV 92.5 MPH)
|
|
Pitching: RHP Chang-wei Quian
|
|
|
Batting: LHB Paul Mooris
|
0-0: Called Strike 0-1: Fly out, F9 (Flyball, 89M, EV 85.0 MPH)
|
|
Batting: RHB Luis Mendoza
|
0-0: Called Strike 0-1: Ball 1-1: Fly out, F9 (Flyball, 89M, EV 95.6 MPH)
|
| Bottom of the 2nd over - 0 runs, 0 hits, 0 errors, 0 left on base; Oklahoma State University 0 - Washington State University 1 |
| TOP OF THE 3RD |
|
Oklahoma State University Cowboys batting - Pitching for Washington State University Cougars : LHP Seth Shaw
|
|
Batting: RHB Armando Moreno
|
0-0: Fly out, F9 (Flyball, 9LMF, EV 89.4 MPH)
|
|
Batting: RHB Hidemitsu Matsuno
|
0-0: Ball 1-0: Foul Ball, location: 2F 1-1: Hit by Pitch
|
|
Batting: RHB Settan Nakamura
|
0-0: Ball 1-0: Ball 2-0: Bunt missed! 2-1: Fly out, F9 (Flyball, 89D, EV 86.9 MPH)
|
|
Batting: SHB Mel Gonzalez
|
0-0: Ball 1-0: SINGLE (Line Drive, 89S, EV 90.6 MPH) Hidemitsu Matsuno to second Runner from 2nd tries for 3rd, SAFE, throw by CF made to third
|
|
Batting: RHB Ben Saxton
|
0-0: Fly out, F7 (Flyball, 7, EV 96.9 MPH)
|
| Top of the 3rd over - 0 runs, 1 hit, 0 errors, 2 left on base; Oklahoma State University 0 - Washington State University 1 |
| BOTTOM OF THE 3RD |
|
Washington State University Cougars batting - Pitching for Oklahoma State University Cowboys : RHP Chang-wei Quian
|
|
Batting: RHB Wilson Salgado
|
0-0: Called Strike 0-1: Fly out, F6 (Line Drive, 6M, EV 74.4 MPH)
|
|
Batting: LHB Randolph Brodbeck
|
0-0: Ball 1-0: Ball 2-0: Called Strike 2-1: Foul Ball, location: 2F 2-2: Fly out, F9 (Flyball, 89S, EV 80.0 MPH)
|
|
Batting: RHB Noe Oliva
|
0-0: Called Strike 0-1: Fly out, F9 (Line Drive, 89M, EV 97.5 MPH)
|
| Bottom of the 3rd over - 0 runs, 0 hits, 0 errors, 0 left on base; Oklahoma State University 0 - Washington State University 1 |
| TOP OF THE 4TH |
|
Oklahoma State University Cowboys batting - Pitching for Washington State University Cougars : LHP Seth Shaw
|
|
Batting: LHB Rafael Banda
|
0-0: Called Strike 0-1: Ball 1-1: Ball 2-1: Ground out 6-3 (Groundball, 6, EV 87.5 MPH)
|
|
Batting: RHB Masakuni Takeuchi
|
0-0: Ball 1-0: Swinging Strike 1-1: Ball 2-1: Called Strike 2-2: Fly out, F7 (Flyball, 7D, EV 106.9 MPH)
|
|
Batting: LHB Vecdi Ertegun
|
0-0: Called Strike 0-1: Ball 1-1: Foul Ball, location: 2F 1-2: Ball 2-2: Foul Ball, location: 2F 2-2: Ball 3-2: Fly out, F7 (Flyball, 7D, EV 95.0 MPH)
|
| Top of the 4th over - 0 runs, 0 hits, 0 errors, 0 left on base; Oklahoma State University 0 - Washington State University 1 |
| BOTTOM OF THE 4TH |
|
Washington State University Cougars batting - Pitching for Oklahoma State University Cowboys : RHP Chang-wei Quian
|
|
Batting: RHB Jon Chatman
|
0-0: SOLO HOME RUN (Line Drive, 89XD, EV 116.2 MPH), Distance : 451 ft
|
|
Batting: RHB Leo Lopez
|
0-0: Called Strike 0-1: Ball 1-1: Foul Ball, location: 2F 1-2: SOLO HOME RUN (Flyball, 7D, EV 95.0 MPH), Distance : 383 ft
|
|
Batting: LHB Jeremy Rideout
|
0-0: Foul Ball, location: 2F 0-1: Ball 1-1: Ground out 6-3 (Groundball, 6, EV 102.5 MPH)
|
|
Batting: RHB Rich Griffith
|
0-0: SINGLE (Groundball, 34D, EV 108.8 MPH)
|
|
Batting: LHB Paul Mooris
|
0-0: Ball 1-0: Ball 2-0: Foul Ball, location: 2F 2-1: Foul Ball, location: 2F 2-2: Fielders Choice at 2nd, 4-6 (Groundball, 4S, EV 89.4 MPH)
|
|
Batting: RHB Luis Mendoza
|
0-0: Called Strike 0-1: Fly out, F8 (Flyball, 78D, EV 80.6 MPH)
|
| Bottom of the 4th over - 2 runs, 3 hits, 0 errors, 1 left on base; Oklahoma State University 0 - Washington State University 3 |
| TOP OF THE 5TH |
|
Oklahoma State University Cowboys batting - Pitching for Washington State University Cougars : LHP Seth Shaw
|
|
Batting: RHB Pedro Luera
|
0-0: SINGLE (Line Drive, 56D, EV 105.6 MPH)
|
|
Batting: RHB Armando Moreno
|
0-0: Called Strike 0-1: Ball Pedro Luera is caught stealing 2nd base 2-4 1-1: Ball 2-1: SINGLE (Groundball, 34D, EV 103.8 MPH)
|
|
Batting: RHB Hidemitsu Matsuno
|
0-0: Foul Ball, location: 2F 0-1: Ball 1-1: Grounds into double play, 6-4-3 (Groundball, 6, EV 88.8 MPH)
|
| Top of the 5th over - 0 runs, 2 hits, 0 errors, 0 left on base; Oklahoma State University 0 - Washington State University 3 |
| BOTTOM OF THE 5TH |
|
Washington State University Cougars batting - Pitching for Oklahoma State University Cowboys : RHP Chang-wei Quian
|
|
Batting: RHB Wilson Salgado
|
0-0: Ball 1-0: Ball 2-0: DOUBLE (Flyball, 7LD, EV 112.5 MPH)
|
|
Batting: LHB Randolph Brodbeck
|
0-0: Ball 1-0: Called Strike 1-1: Ball 2-1: Ball 3-1: Base on Balls
|
|
Batting: RHB Noe Oliva
|
0-0: Fly out, F9 (Line Drive, 9, EV 94.4 MPH)
|
|
Batting: RHB Jon Chatman
|
0-0: Ball 1-0: Called Strike 1-1: SINGLE (Line Drive, 34D, EV 98.1 MPH) Wilson Salgado to third Randolph Brodbeck to second
|
|
Batting: RHB Leo Lopez
|
0-0: Ball 1-0: Foul Ball, location: 2F 1-1: Foul Ball, location: 2F 1-2: Hit by Pitch Wilson Salgado scores Randolph Brodbeck to third Jon Chatman to second
|
|
Pitching: RHP Bin Li
|
|
|
Batting: LHB Jeremy Rideout
|
0-0: Ball 1-0: Called Strike 1-1: Fielders Choice at 2nd, 3-6 (Groundball, 34, EV 83.1 MPH) Randolph Brodbeck scores Jon Chatman to third
|
|
Batting: RHB Rich Griffith
|
0-0: Ball 1-0: Ball 2-0: Ball 3-0: Called Strike 3-1: SINGLE (Line Drive, 4D, EV 95.6 MPH) Jon Chatman scores Jeremy Rideout to second Runner from 2nd tries for 3rd, SAFE, throw by CF made to third
|
|
Batting: LHB Paul Mooris
|
0-0: Called Strike 0-1: Called Strike 0-2: Ball 1-2: Ball 2-2: Ground out U3 (Groundball, 3, EV 105.0 MPH)
|
| Bottom of the 5th over - 3 runs, 3 hits, 0 errors, 2 left on base; Oklahoma State University 0 - Washington State University 6 |
| TOP OF THE 6TH |
|
Oklahoma State University Cowboys batting - Pitching for Washington State University Cougars : LHP Seth Shaw
|
|
Batting: RHB Settan Nakamura
|
0-0: Ground out 4-3 (Groundball, 4, EV 81.9 MPH)
|
|
Batting: SHB Mel Gonzalez
|
0-0: SINGLE (Line Drive, 3D, EV 100.0 MPH)
|
|
Batting: RHB Ben Saxton
|
0-0: Called Strike 0-1: Ball 1-1: SINGLE (Line Drive, 4D, EV 95.6 MPH) Mel Gonzalez to second
|
|
Batting: LHB Rafael Banda
|
0-0: Ball 1-0: Called Strike 1-1: Ball 2-1: Ball 3-1: SINGLE (Groundball, 34D, EV 101.9 MPH) Mel Gonzalez to third Ben Saxton to second
|
|
Batting: RHB Masakuni Takeuchi
|
0-0: Fly out, F4 (Popup, 34S, EV 69.4 MPH)
|
|
Batting: LHB Vecdi Ertegun
|
0-0: Ball 1-0: Called Strike 1-1: SINGLE (Groundball, 34D, EV 98.1 MPH) (infield hit) Mel Gonzalez scores Ben Saxton to third Rafael Banda to second
|
|
Batting: RHB Pedro Luera
|
0-0: Called Strike 0-1: Ball 1-1: Ball 2-1: Foul Ball, location: 2F 2-2: Ball 3-2: Strikes out swinging
|
| Top of the 6th over - 1 run, 4 hits, 0 errors, 3 left on base; Oklahoma State University 1 - Washington State University 6 |
| BOTTOM OF THE 6TH |
|
Washington State University Cougars batting - Pitching for Oklahoma State University Cowboys : RHP Bin Li
|
|
Batting: RHB Luis Mendoza
|
0-0: Ball 1-0: Called Strike 1-1: Foul Ball, location: 2F 1-2: Ball 2-2: Ground out 5-3 (Groundball, 56, EV 79.4 MPH)
|
|
Batting: RHB Wilson Salgado
|
0-0: Ball 1-0: Fly out, F8 (Flyball, 8RXD, EV 101.9 MPH)
|
|
Batting: LHB Randolph Brodbeck
|
0-0: Ball 1-0: Called Strike 1-1: Called Strike 1-2: Foul Ball, location: 2F 1-2: Strikes out swinging
|
| Bottom of the 6th over - 0 runs, 0 hits, 0 errors, 0 left on base; Oklahoma State University 1 - Washington State University 6 |
| TOP OF THE 7TH |
|
Oklahoma State University Cowboys batting - Pitching for Washington State University Cougars : LHP Seth Shaw
|
|
Pitching: RHP Danny Diaz
|
|
|
Batting: RHB Armando Moreno
|
0-0: Called Strike 0-1: Foul Ball, location: 2F 0-2: Ball 1-2: Fly out, F9 (Flyball, 9, EV 80.6 MPH)
|
|
Batting: RHB Hidemitsu Matsuno
|
0-0: SOLO HOME RUN (Flyball, 9D, EV 101.2 MPH), Distance : 394 ft
|
|
Batting: RHB Settan Nakamura
|
0-0: Swinging Strike 0-1: Foul Ball, location: 2F 0-2: Strikes out swinging
|
|
Batting: SHB Mel Gonzalez
|
0-0: Ground out 4-3 (Groundball, 4M, EV 85.0 MPH)
|
| Top of the 7th over - 1 run, 1 hit, 0 errors, 0 left on base; Oklahoma State University 2 - Washington State University 6 |
| BOTTOM OF THE 7TH |
|
Washington State University Cougars batting - Pitching for Oklahoma State University Cowboys : RHP Bin Li
|
|
Pitching: RHP Franck Basset
|
|
|
Batting: RHB Noe Oliva
|
0-0: Called Strike 0-1: Ball 1-1: Swinging Strike 1-2: Ball 2-2: Strikes out swinging, 2-3 out at first.
|
|
Batting: RHB Jon Chatman
|
0-0: Swinging Strike 0-1: Ball 1-1: SINGLE (Line Drive, 8RS, EV 103.8 MPH)
|
|
Batting: RHB Leo Lopez
|
0-0: Called Strike 0-1: Ball Jon Chatman steals 2nd base 1-1: Ball 2-1: Foul Ball, location: 2F 2-2: Strikes out swinging, 2-3 out at first.
|
|
Batting: LHB Jeremy Rideout
|
0-0: Foul Ball, location: 2F 0-1: Ball 1-1: Called Strike 1-2: Ball 2-2: Ball 3-2: Strikes out swinging
|
| Bottom of the 7th over - 0 runs, 1 hit, 0 errors, 1 left on base; Oklahoma State University 2 - Washington State University 6 |
| TOP OF THE 8TH |
|
Oklahoma State University Cowboys batting - Pitching for Washington State University Cougars : RHP Danny Diaz
|
|
Pinch Hitting: RHB Ji-an See-to
|
0-0: Called Strike 0-1: Called Strike 0-2: Ball 1-2: Fly out, F9 (Flyball, 9S, EV 93.1 MPH)
|
|
Batting: LHB Rafael Banda
|
0-0: Called Strike 0-1: Ball 1-1: Ball 2-1: Ball 3-1: Base on Balls
|
|
Batting: RHB Masakuni Takeuchi
|
0-0: Ball 1-0: SINGLE (Groundball, 56D, EV 102.5 MPH) Rafael Banda to second
|
|
Batting: LHB Vecdi Ertegun
|
0-0: Foul Ball, location: 2F 0-1: Ball 1-1: Ball 2-1: Foul Ball, location: 2F 2-2: Ball 3-2: Foul Ball, location: 2F 3-2: Base on Balls Rafael Banda to third Masakuni Takeuchi to second
|
|
Batting: RHB Pedro Luera
|
0-0: Ball 1-0: Called Strike 1-1: Ball 2-1: Fly out, F6 (Line Drive, 6, EV 71.9 MPH)
|
|
Pitching: RHP Victor Altagracia
|
|
|
Pinch Hitting: RHB Mennad Maalik
|
0-0: Foul Ball, location: 2F 0-1: Ball 1-1: Ball 2-1: Swinging Strike 2-2: Ball 3-2: Foul Ball, location: 2F 3-2: Strikes out swinging
|
| Top of the 8th over - 0 runs, 1 hit, 0 errors, 3 left on base; Oklahoma State University 2 - Washington State University 6 |
| BOTTOM OF THE 8TH |
|
Washington State University Cougars batting - Pitching for Oklahoma State University Cowboys : RHP Franck Basset
|
|
Pitching: RHP Chris Nightingale
|
|
|
Now at 3B: Ivan Torres
|
|
|
Now in LF: Mennad Maalik
|
|
|
Batting: RHB Rich Griffith
|
0-0: Called Strike 0-1: Fly out, F8 (Flyball, 8RM, EV 84.4 MPH)
|
|
Batting: LHB Paul Mooris
|
0-0: Foul Ball, location: 2F 0-1: Called Strike 0-2: Strikes out swinging
|
|
Batting: RHB Luis Mendoza
|
0-0: Ball 1-0: DOUBLE (Flyball, 89D, EV 105.0 MPH)
|
|
Batting: RHB Wilson Salgado
|
0-0: Foul Ball, location: 2F 0-1: Called Strike 0-2: Ball 1-2: SINGLE (Groundball, 56D, EV 103.8 MPH) Luis Mendoza to third Runner from 3rd tries for Home, SAFE, throw by LF to home
|
|
Batting: LHB Randolph Brodbeck
|
0-0: Ball Wild Pitch! Wilson Salgado to second 1-0: Called Strike 1-1: Ball 2-1: Ball 3-1: Fly out, F7 (Flyball, 7D, EV 93.1 MPH)
|
| Bottom of the 8th over - 1 run, 2 hits, 0 errors, 1 left on base; Oklahoma State University 2 - Washington State University 7 |
| TOP OF THE 9TH |
|
Oklahoma State University Cowboys batting - Pitching for Washington State University Cougars : RHP Victor Altagracia
|
|
Batting: RHB Hidemitsu Matsuno
|
0-0: Fly out, F3 (Popup, 34S, EV 71.9 MPH)
|
|
Pinch Hitting: RHB Oscar Hernandez
|
0-0: Called Strike 0-1: Foul Ball, location: 2F 0-2: Reached on error, E9 (Flyball, 9LM, EV 91.2 MPH)
|
|
Batting: SHB Mel Gonzalez
|
0-0: Called Strike 0-1: Foul Ball, location: 2F 0-2: Ball 1-2: Foul Ball, location: 2F 1-2: Ball 2-2: Strikes out swinging
|
|
Batting: RHB Ivan Torres
|
0-0: Called Strike 0-1: Ball 1-1: Ball 2-1: Ball 3-1: Swinging Strike 3-2: Foul Ball, location: 2F 3-2: Base on Balls
|
|
Batting: LHB Rafael Banda
|
0-0: Fly out, F2 (Popup, 2RF, EV 84.4 MPH)
|
| Top of the 9th over - 0 runs, 0 hits, 1 error, 2 left on base; Oklahoma State University 2 - Washington State University 7 |
|